 Dungeon Crawl Stone Soup version 0.31.0-1-g2c135a008e (webtiles) character file.

Game seed: 11617511513404351962

77 qw the Shooter (level 4, -1/34 HPs)
             Began as a Djinni Hunter on Jan 23, 2024.
             Slain by an orc
             ... wielding a +0 trident
              (4 damage)
             ... on level 3 of the Dungeon.
             The game lasted 00:00:05 (2171 turns).

qw the Shooter (Djinni Hunter)                      Turns: 2171, Time: 00:00:06

Health: -1/34      AC:  5    Str: 10    XL:     4   Next: 60%
Gold:   161        EV: 11    Int: 10    God:
                   SH:  0    Dex: 19

rFire   + + .        a - +0 shortbow
rCold   x . .        (shield currently unavailable)
rNeg    . . .        d - +0 ring mail
rPois   inf          (no helmet)
rElec   .            (no cloak)
rCorr   .            (no gloves)
SInv    .            (boots unavailable)
Will    .....        (no amulet)
Stlth   +            (no ring)
HPRegen 0.25/turn    (no ring)
MPRegen 0.00/turn

%: infuse magic (-2 HP)
@: about to teleport, flying
A: sickness immunity, fire resistance 2, cold vulnerability 1, float, innate
caster, HP casting, extra vitality 1
a: no special abilities


You were on level 3 of the Dungeon.
You visited 1 branch of the dungeon, and saw 3 of its levels.

You collected 161 gold pieces.


Innate Abilities, Weirdness & Mutations

You are immune to sickness and miasma.
You are immune to poison.
Your flesh is very heat resistant. (rF++)
You are vulnerable to cold. (rC-)
You float through the air rather than walking.
You learn spells naturally, not from books.
Your magical power is your life essence.
You have superior vitality. (+4 MHP)


   Skills:
 + Level 2.7 Fighting
 - Level 4.2 Ranged Weapons
 - Level 1.0 Armour
 - Level 2.1 Dodging
 - Level 0.7 Stealth


You knew the following spells:

 Your Spells              Type           Power      Damage    Failure   Level
a - Magic Dart            Conj           0%         1d3       67%         1
Your spell library was empty.

Inventory:

Hand Weapons
 a - a +0 shortbow (weapon)
Armour
 d - a +0 ring mail (worn)
Potions
 c - 2 potions of curing
 f - a potion of mutation {unknown}

Dungeon Overview and Level Annotations

Branches:
Dungeon (3/15)

Altars:

Annotations:
D:3 1 runed translucent door, qw's ghost, amateur GrHu


Message History

You kill the orc wizard!
The orc hits you but does no damage. The quokka barely misses you.
The orc hits you but does no damage.
You shoot an arrow. The arrow completely misses the orc.
The quokka bites you but does no damage. x2
The orc hits you but does no damage.
The orc hits you from afar with a +0 trident.
You shoot an arrow. The arrow barely misses the orc.
The quokka bites you. The orc closely misses you.
The orc hits you with a +0 hand axe. The orc closely misses you.
The quokka closely misses you.
You shoot an arrow.
The arrow hits the orc but does no damage.
The orc hits you with a +0 dagger. The orc barely misses you.
The orc closely misses you. The quokka completely misses you.
The orc misses you. The orc closely misses you.
The orc hits you with a +0 hand axe.
You shoot an arrow. The arrow hits the orc.
The orc is moderately wounded.
The quokka bites you but does no damage.
The orc closely misses you. The orc barely misses you.
The orc hits you from afar with a +0 trident.
The quokka closely misses you.
You shoot an arrow. The arrow closely misses the orc.
The orc closely misses you. The orc hits you with a +0 hand axe.
The orc barely misses you. The quokka closely misses you.
You shoot an arrow. The arrow hits the orc.
The orc is severely wounded.
The quokka bites you. The orc barely misses you.
The orc hits you with a +0 hand axe.
The orc hits you from afar with a +0 trident.
The quokka closely misses you. The orc closely misses you. x2
The orc hits you but does no damage.
2171 ||| READING scroll of teleportation.
As you read the scroll of teleportation, it crumbles to dust.
You feel strangely unstable. The quokka bites you. The orc barely misses you.
The orc hits you but does no damage.
The orc hits you from afar with a +0 trident.
You die...

.. #....##...##. #.#
#...##..?..##..
#..###...+...7..}#..#
.........##W.!..##..#
..........##...##...#
...........##}##...#
.......r....###...##
.....oo@............
# .....#o###......##
.# ... #. ###..###
..# . #. ##.######..#
#. #.........# #.
##...#.#### ##
#.#...# #.#..##
#.#..#####


You could see qw's ghost, 3 orcs and a quokka.

Vanquished Creatures
  An orc wizard (D:3)
  Terence (D:2)
  A dart slug (D:2)
  4 ball pythons
  2 bats
  5 endoplasms
  6 goblins
  A hobgoblin (D:1)
  2 kobolds
  A frilled lizard (D:1)
  4 rats
28 creatures vanquished.

Notes
Turn   | Place    | Note
-------+----------+-------------------------------------------
     0 | D:1      | qw the Djinni Hunter began the quest for the Orb.
     0 | D:1      | Reached XP level 1. HP: 18/18 MP: 0/0
     0 | D:1      | 0 ||| qw: Version: 0.3-a-132-g3d54051
     0 | D:1      | 0 ||| qw: Game counter: 576
     0 | D:1      | 0 ||| qw: Melee chars always use a shield: true
     0 | D:1      | 0 ||| qw: God list: Okawaru
     0 | D:1      | 0 ||| qw: Allow faded altars: false
     0 | D:1      | 0 ||| qw: Do Orc after clearing Dungeon:15 true
     0 | D:1      | 0 ||| qw: Do second Lair branch before Depths: true
     0 | D:1      | 0 ||| qw: Lair rune preference: random
     0 | D:1      | 0 ||| qw: Goals: Normal
     0 | D:1      | 0 ||| PLANNING D:1-11
   134 | D:1      | Reached XP level 2. HP: 23/23 MP: 0/0
   848 | D:1      | Found a faded altar of an unknown god.
   935 | D:1      | 935 ||| UPGRADING to +0 ring mail.
   945 | D:1      | 945 ||| DROPPING +0 leather armour.
   946 | D:1      | 946 ||| DROPPING ring of wizardry.
   947 | D:1      | 947 ||| READING scroll labelled CORCHE LOANN.
   950 | D:1      | 950 ||| DROPPING scroll of butterflies.
  1056 | D:2      | Noticed Terence
  1066 | D:2      | HP: 2/23 [Terence/+0 short sword (4)]
  1067 | D:2      | Killed Terence
  1068 | D:2      | Reached skill level 4 in Ranged Weapons
  1068 | D:2      | Reached XP level 3. HP: 3/28 MP: 0/0
  1068 | D:2      | Learned a level 1 spell: Magic Dart
  1068 | D:2      | 1068 ||| FLEEEEING.
  1177 | D:2      | 1177 ||| FLEEEEING.
  1660 | D:2      | Reached XP level 4. HP: 33/33 MP: 0/0
  1818 | D:2      | Reached skill level 1 in Armour
  2068 | D:2      | 2068 ||| READING scroll labelled TUFU FAUXAA.
  2069 | D:2      | 2069 ||| DRINKING 3 ruby potions.
  2070 | D:2      | 2070 ||| DRINKING 3 sedimented black potions.
  2071 | D:2      | 2071 ||| DROPPING 2 potions of brilliance.
  2149 | D:3      | Found a runed translucent door.
  2149 | D:3      | Noticed qw's ghost (amateur GrHu)
  2170 | D:3      | HP: 4/34 [orc/+0 trident (5)]
  2171 | D:3      | 2171 ||| READING scroll of teleportation.
  2171 | D:3      | Slain by an orc

Levels and vault maps discovered:
D:1:      wander_arrival_desolate, layout_basic,
          shapermc_ecumenical_altar_flowoftime
D:2:      layout_loops_corners, minmay_ruptured, uniq_terence
D:3:      layout_basic, bloody_makhleb, lemuel_doored_altar,
          hellmonk_ghost_happy_afterlife

Skill      XL: |  1  2  3  4 |
---------------+-------------+-----
Ranged Weapons | 4 |  4.2
Armour         | 1 |  1.0
Fighting       | |  2.7
Dodging        | |  2.1
Stealth        | |  0.7

Action                     |  1- 3 |  4- 6 || total
---------------------------+-------+-------++-------
   Fire: Shortbow          |    70 |    17 ||    87
    Use: Scroll            |     1 |     2 ||     3
         Potion            |       |     2 ||     2
 Armour: Leather armour    |     8 |       ||     8
         Ring mail         |    14 |    24 ||    38
  Dodge: Dodged            |    15 |    24 ||    39

Table legend:
 A = Non-vault XP
 B = Vault XP
 C = Vault XP percentage of total XP
 D = Non-vault monster count
 E = Vault monster count
 F = Vault count percentage of total count
                 A         B        C        D         E       F
            +---------+---------+-------+---------+---------+-------
      Total |      73 |      38 |  34.2 |      23 |       5 |  17.9
            +---------+---------+-------+---------+---------+-------
        D:1 |      25 |       0 |   0.0 |      15 |       0 |   0.0
        D:2 |      11 |      38 |  77.6 |       6 |       5 |  45.5
        D:3 |      37 |       0 |   0.0 |       2 |       0 |   0.0
            +---------+---------+-------+---------+---------+-------
